[Event "Early-Titled-Tuesday-Blitz-May-28-2024"]
[Site "Chess.com"]
[Date "2024.05.28"]
[Round "1"]
[White "semchik90"]
[Black "lamomiajunior"]
[Result "0-1"]
[WhiteElo "2425"]
[BlackElo "2750"]
[TimeControl "180+1"]
[EndTime "8:07:52 PDT"]
[Termination "lamomiajunior won by resignation"]

1. Nf3 Nf6 2. c4 g6 3. d4 Bg7 4. Nc3 O-O 5. e4 d6 6. Be2 e5 7. dxe5 dxe5 8. Bg5 c6 9. O-O Qe7 10. Qc2 h6 11. Be3 Bg4 12. h3 Bxf3 13. Bxf3 Nbd7 14. Rad1 Nc5 15. b4 Ne6 16. c5 Nh7 17. g3 Rad8 18. Rxd8 Rxd8 19. Rd1 Nd4 20. Bxd4 exd4 21. Ne2 Ng5 22. Bg2 Ne6 23. Rd3 b6 24. cxb6 axb6 25. Qxc6 Qxb4 26. Qc1 Nc5 27. Rd1 d3 28. Nf4 d2 29. Qc2 Qc3 30. Qxc3 Bxc3 31. Nd5 Ba5 32. Ne7+ Kg7 33. Nc6 Rd7 34. Ne5 Rd4 35. Nc6 Rd6 36. e5 Rd7 37. Nxa5 bxa5 38. Kf1 g5 39. Ke2 Re7 40. f4 f6 41. Rxd2 fxe5 42. f5 Na4 43. Rd6 Rc7 44. Re6 Nc3+ 45. Kd3 Nxa2 46. Rxe5 Nb4+ 47.
Ke3 a4 48. Ra5 a3 49. Be4 a2 50. g4 Rc1 51. Kd2 a1=Q 52. f6+ Kxf6 53. Rxa1 Rxa1 0-1

[Event "Early-Titled-Tuesday-Blitz-May-28-2024"]
[Site "Chess.com"]
[Date "2024.05.28"]
[Round "1"]
[White "EvgenyBurmakin"]
[Black "Skatchkov_V"]
[Result "0-1"]
[WhiteElo "2341"]
[BlackElo "2648"]
[TimeControl "180+1"]
[EndTime "8:07:52 PDT"]
[Termination "Skatchkov_V won on time"]

1. Nf3 d5 2. b3 Bf5 3. Bb2 e6 4. e3 h6 5. Be2 c6 6. O-O Nf6 7. c4 Nbd7 8. Nc3 Bd6 9. cxd5 exd5 10. d4 Qe7 11. Bd3 Bg4 12. Re1 Ne4 13. Be2 Bxf3 14.
Bxf3 Bxh2+ 15. Kf1 Bd6 16. Bxe4 dxe4 17. Qg4 Nf6 18.
Qh3 O-O 19. Rad1 Rae8 20. d5 Be5 21. dxc6 bxc6 22. Na4 Bxb2 23. Nxb2 Nd5 24. Nc4 f5 25. Na5 Qc5 26. Nc4 f4 27. Kg1 f3 28. g3 Nf6 29.
Rd6 Rd8 30. Red1 Rxd6 31. Rxd6 Kh8 32. Qe6 Qb4 33. Rd1 Qc3 34. Ne5 Re8 35. Nf7+ Kh7 36. Qf5+ g6 37. Qf4 Kg7 38. Nd6 Re7 39. Nc4 Qc2 40. Qd6 Rd7 41. Qxd7+ Nxd7 42. Rxd7+ Kf6 43. Rd2 Qc1+ 44. Kh2 Qf1 45. Rd6+ Ke7 0-1

[Event "Early-Titled-Tuesday-Blitz-May-28-2024"]
[Site "Chess.com"]
[Date "2024.05.28"]
[Round "1"]
[White "Matols"]
[Black "Karttunen"]
[Result "1/2-1/2"]
[WhiteElo "2358"]
[BlackElo "2645"]
[TimeControl "180+1"]
[EndTime "8:07:53 PDT"]
[Termination "Game drawn by repetition"]

1. d4 Nf6 2. c4 e6 3. g3 d5 4. Nf3 Bb4+ 5. Bd2 a5 6. Bg2 dxc4 7. O-O b5 8. a4 c6 9. axb5 Bxd2 10. Nfxd2 Qxd4 11. bxc6 Nd5 12. Qa4 O-O 13. Nxc4 Ba6 14. Nbd2 Qc5 15.
Nxa5 Bb5 16. Qb3 Nxc6 17. Nxc6 Bxc6 18. Rac1 Qb5 19. Qxb5 Bxb5 20. Bxd5 exd5 21. Rfe1 Rfc8 22. e3 Kf8 23. Nb3 Bc4 24. Nd4 Rcb8 25. b3 Bxb3 26. Nxb3 Rxb3 27. Rc5 Rd3 28. Rec1 Rd2 29. Rc8+ Rxc8 30.
Rxc8+ Ke7 31. Rc7+ Ke6 32. Kg2 h5 33. h4 g6 34. Kf3 f6 35. Ra7 g5 36. hxg5 fxg5 37. Rh7 g4+ 38. Kg2 d4 39. exd4 Rxd4 40. Rxh5 Ra4 41.
Rg5 Kf6 42. Rb5 Kg6 43. Rb2 Rc4 44. f3 gxf3+ 45. Kxf3 Kg7 46. Rb6 Ra4 47. g4 Rc4 48. Kg3 Kg8 49. Kh4 Rc5 50. Rb7 Rd5 51. g5 Rd1 52. Kh5 Rd6 53. g6 Rd1 54. Kh6 Rh1+ 55. Kg5 Rg1+ 56. Kf6 Rf1+ 57. Kg5 Rg1+ 58. Kf6 Rf1+ 59.
Kg5 Rg1+ 1/2-1/2

[Event "Early-Titled-Tuesday-Blitz-May-28-2024"]
[Site "Chess.com"]
[Date "2024.05.28"]
[Round "1"]
[White "rollercoaster29"]
[Black "Masterisback04"]
[Result "0-1"]
[WhiteElo "2554"]
[BlackElo "2119"]
[TimeControl "180+1"]
[EndTime "8:07:53 PDT"]
[Termination "Masterisback04 won by checkmate"]

1. d4 Nf6 2. Bf4 g6 3. e3 Bg7 4. Nf3 d6 5. h3 O-O 6. c4 Nc6 7. Nc3 Bf5 8. g4 Bc8 9. Bg2 a6 10. Qe2 Qe8 11. Nd5 Nxd5 12. cxd5 Nb4 13. e4 e5 14. Be3 Bd7 15. dxe5 Bb5 16. Qd2 Nd3+ 17. Kd1 Nxe5 18. Nxe5 Qxe5 19. Kc1 c6 20. a4 Bc4 21. dxc6 Rac8 22. Ra3 Rxc6 23. Rc3 Rfc8 24. Kb1 b5 25. Rhc1 Qe6 26. Bd4 b4 27. Bxg7 bxc3 28. Bxc3 Ba2+ 29. Ka1 Rc4 30. b4 Bb3 31. Bf1 Rxe4 32. Bd3 Re5 33. f4 Rd5 34. f5 Qe7 35.
Qh6 f6 36. fxg6 hxg6 37. Qxg6+ Qg7 38. Qe4 Re5 39. Qd4 Rd5 40. Qe4 Re5 41. Qf3 Bd5 42. Qf2 Qd7 43. Kb2 Qxa4 44. Bc2 Qa2# 0-1

[Event "Early-Titled-Tuesday-Blitz-May-28-2024"]
[Site "Chess.com"]
[Date "2024.05.28"]
[Round "1"]
[White "RedFirePanda"]
[Black "HamedWafa4"]
[Result "0-1"]
[WhiteElo "2430"]
[BlackElo "2768"]
[TimeControl "180+1"]
[EndTime "8:07:54 PDT"]
[Termination "HamedWafa4 won by resignation"]

1. d4 Nf6 2. Bf4 g6 3. e3 Bg7 4.
Nd2 O-O 5. Ngf3 c5 6. c3 Nc6 7. h3 d6 8. Be2 cxd4 9. exd4 Nd5 10. Bg3 e5 11. dxe5 dxe5 12. O-O Re8 13. Bc4 Nb6 14. Bb3 e4 15. Ne1 Be6 16. Nc2 Bxb3 17. axb3 f5 18. Nc4 Nxc4 19. bxc4 Ne5 20. Ne3 Nd3 21.
Nd5 Bh6 22. Bc7 Qg5 23. Qb3 Nc5 24. Qb4 Bf8 25. Qb5 a6 26. Qb6 Re6 27. Qa5 Rc8 28. Bf4 Qd8 29. Qa2 Nd3 30. Bh2 g5 31. Ne3 f4 32. c5 Nxc5 33. Ng4 Qe8 34. Ne5 Qe7 35.
Nc4 Nd3 36. Rfd1 Qf7 37. Nd2 Rec6 38. Nb3 Nc5 39. Nd4 Qxa2 40. Rxa2 R6c7 41. Raa1 Bg7 42. g3 Bxd4 43. cxd4 Nb3 44. gxf4 Nxa1 45. fxg5 Rc1 46. Rxc1 Rxc1+ 47. Kg2 Nc2 48. d5 Ne1+ 49. Kg3 Nf3 50. d6 Nxh2 51. d7 Rd1 52. Kxh2 Rxd7 53. Kg3 Rd2 54. Kf4 Rxb2 55. Kxe4 a5 56. Kd5 a4 0-1

[Event "Early-Titled-Tuesday-Blitz-May-28-2024"]
[Site "Chess.com"]
[Date "2024.05.28"]
[Round "1"]
[White "HowTo2Draw"]
[Black "SuperGPatzer"]
[Result "1-0"]
[WhiteElo "2563"]
[BlackElo "2038"]
[TimeControl "180+1"]
[EndTime "8:07:54 PDT"]
[Termination "HowTo2Draw won by checkmate"]

1. c4 g5 2. d3 Bg7 3. Nc3 h6 4. h4 g4 5. e4 d6 6. Be3 c5 7. Qd2 Qa5 8. Nge2 Nc6 9. Nd5 Kf8 10. Qxa5 Nxa5 11. O-O-O Bd7 12. b3 b5 13. Bd2 b4 14.
Be3 Nc6 15. d4 e6 16. dxc5 exd5 17. exd5 Ne5 18. cxd6 a5 19. Nd4 a4 20. c5 axb3 21. axb3 Ra1+ 22. Kc2 Rxd1 23. Kxd1 Nf6 24. Bc4 Ne4 25.
Ke2 Ke8 26. Ra1 f5 27. c6 Nc3+ 28. Kd2 Kf7 29. Ra7 Rd8 30. Ne6 Ne4+ 31. Ke1 Nxc4 32. bxc4 Bc3+ 33. Kd1 Rb8 34. Rxd7+ Kf6 35. c7 Ra8 36. Rd8 Ra1+ 37. Kc2 b3+ 38. Kxb3 Rb1+ 39. Kc2 Rb2+ 40. Kd3 Nxf2+ 41. Bxf2 Rxf2 42. Rf8+ Ke5 43. Kxc3 Rxg2 44. c8=Q Rg3+ 45. Kb4 Rh3 46. d7 g3 47.
d8=Q g2 48. Qdc7+ Ke4 49. Nc5+ Ke3 50. Qe6+ Kd2 51. Qf4+ Kc2 52. Qe2+ Kb1 53. Qxf5+ Ka1 54. Qfe5+ Kb1 55. Q5b2# 1-0

[Event "Early-Titled-Tuesday-Blitz-May-28-2024"]
[Site "Chess.com"]
[Date "2024.05.28"]
[Round "1"]
[White "MeisterJabo"]
[Black "aa175"]
[Result "0-1"]
[WhiteElo "2469"]
[BlackElo "2821"]
[TimeControl "180+1"]
[EndTime "8:07:55 PDT"]
[Termination "aa175 won by checkmate"]

1. e4 e5 2. Nf3 Nf6 3. Nxe5 d6 4.
Nf3 Nxe4 5. Qe2 Qe7 6. d3 Nf6 7. Bg5 Be6 8. Nd4 Bd7 9. Bxf6 gxf6 10. Nc3 c6 11. Ne4 Kd8 12. Ng3 Qe5 13. c3 Bh6 14. Qxe5 fxe5 15. Ndf5 Bf4 16. Nxd6 Kc7 17. Ndf5 h5 18. Ne3 h4 19. Ne4 f5 20. Nc5 Bc8 21. Be2 b6 22. Nb3 Be6 23. O-O-O Nd7 24. Kc2 Nf6 25. g3 hxg3 26. hxg3 Bg5 27. f4 exf4 28.
gxf4 Bxf4 29. Ng2 Bxb3+ 30. axb3 Bg3 31. Rdf1 Rae8 32. Rxh8 Rxe2+ 33. Kb1 Rxg2 34. Rxf5 Nd5 35. Rh7+ Kd6 36. Rxa7 Ne3 37. Rf6+ Kc5 38. d4+ Kb5 39. Rb7 Rg1+ 40. Ka2 Nc2 41. b4 c5 42. bxc5 Kc4 43. b3+ Kxc3 44. Rf3+ Kxd4 45. cxb6 Be5 46.
Kb2 Nb4 47. Ka3 Kc5 48. Rc7+ Kb5 49. Rc5+ Kxc5 50. Rc3+ Bxc3 51. b7 Ra1# 0-1

[Event "Early-Titled-Tuesday-Blitz-May-28-2024"]
[Site "Chess.com"]
[Date "2024.05.28"]
[Round "1"]
[White "Massakru"]
[Black "Tolyanius"]
[Result "1-0"]
[WhiteElo "2382"]
[BlackElo "2649"]
[TimeControl "180+1"]
[EndTime "8:07:55 PDT"]
[Termination "Massakru won by checkmate"]

1. e4 e5 2. Nf3 Nc6 3. d4 exd4 4. Nxd4 Bc5 5. Nb3 Bb6 6. Nc3 Nge7 7. Qe2 O-O 8. Be3 f5 9. O-O-O d6 10. f3 f4 11. Bxb6 axb6 12. Kb1 Be6 13. g3 Ng6 14. g4 Qh4 15. Nb5 Rf7 16. a3 Bxb3 17. cxb3 Nge5 18. Nd4 Nxd4 19. Rxd4 h5 20. gxh5 Qxh5 21. Bg2 Rf6 22. Qc2 Rc8 23. Rhd1 Qh6 24. h3 Kh7 25. Ka2 Rg6 26. b4 Qg5 27. R1d2 Qe7 28.
h4 Qe6+ 29. b3 Rg3 30. Bh1 Kh6 31.
Rd5 Nxf3 32. Bxf3 Rxf3 33. Rg2 Rg3 34. Rxg3 fxg3 35. Qd2+ Kh7 36. Rh5+ Kg8 37. Rg5 Rf8 38. Rxg3 Qxe4 39. Qb2 Rf7 40. h5 Qe1 41. Rg2 Qf1 42. h6 Qf6 43. Qxf6 Rxf6 44. Rxg7+ Kf8 45. Rxc7 d5 46.
Rxb7 Rf2+ 47. Kb1 Rf1+ 48. Kc2 Rf2+ 49. Kc3 Rh2 50. h7 Ke8 51. h8=Q+ Rxh8 52. Rb8+ Kd7 53.
Rxh8 Kc6 54. Kd4 Kb5 55. Kxd5 Ka6 56. Kc4 b5+ 57. Kc5 Ka7 58. Rh6 Kb7 59. Kxb5 Ka7 60. a4 Ka8 61. a5 Ka7 62. Ka4 Kb8 63. b5 Kb7 64. a6+ Kc7 65. Ka5 Kc8 66. Rh7 Kb8 67.
b6 Ka8 68. Rh8# 1-0

[Event "Early-Titled-Tuesday-Blitz-May-28-2024"]
[Site "Chess.com"]
[Date "2024.05.28"]
[Round "1"]
[White "h4parah5"]
[Black "jaskol95"]
[Result "1-0"]
[WhiteElo "3016"]
[BlackElo "2530"]
[TimeControl "180+1"]
[EndTime "8:07:58 PDT"]
[Termination "h4parah5 won by checkmate"]

1. Nf3 d5 2. e3 Nf6 3. c4 c6 4. Qc2 e6 5. b3 b6 6. Bb2 Bb7 7.
d4 Nbd7 8. Nbd2 Be7 9. Bd3 h6 10. O-O Rc8 11. Ne5 c5 12. Rad1 cxd4 13. exd4 dxc4 14.
bxc4 Nxe5 15. dxe5 Nd7 16. Ne4 Qc7 17. Nd6+ Bxd6 18.
exd6 Qxd6 19. Bxg7 Rg8 20. Be4 Bxe4 21. Qxe4 Qc6 22.
Qh7 Ke7 23. g3 Qxc4 24. Qxh6 Qg4 25. Qd2 Qxg7 26. Qxd7+ Kf6 27. Qxa7 Qg4 28. Qxb6 Rc4 29. Rc1 Re4 30. Rfe1 Rxe1+ 31. Rxe1 Rc8 32. Qb3 Rc5 33. a4 Kg7 34. a5 Qf5 35. a6 Ra5 36. Qb2+ Kh7 37. Ra1 Rb5 38. Qxb5 Qxb5 39. a7 f5 40.
a8=Q f4 41. Ra7+ Kg6 42. Qe4+ Kg5 43. Qxf4+ Kg6 44. Qe4+ Kg5 45. h4+ Kh5 46. Qf3+ Kg6 47. Qg4+ Kf6 48. Qg5+ Qxg5 49. hxg5+ Kg6 50. Kg2 e5 51.
Ra5 e4 52. Re5 Kh5 53. Rxe4 Kg6 54. g4 Kxg5 55. Kg3 Kg6 56. f4 Kf6 57. f5 Kg5 58.
Rd4 Kf6 59. Kf4 Kg7 60. g5 Kh7 61. f6 Kg6 62. Re4 Kh7 63. Kf5 Kg8 64. g6 Kf8 65.
Re3 Kg8 66. Re8# 1-0

[Event "Early-Titled-Tuesday-Blitz-May-28-2024"]
[Site "Chess.com"]
[Date "2024.05.28"]
[Round "1"]
[White "GMMikhailKazakov"]
[Black "Durarbayli"]
[Result "0-1"]
[WhiteElo "2506"]
[BlackElo "2903"]
[TimeControl "180+1"]
[EndTime "8:07:58 PDT"]
[Termination "Durarbayli won on time"]

1. d4 d5 2. c4 c6 3. Nf3 Nf6 4. Nc3 e6 5. Bg5 dxc4 6. a4 c5 7. e3 cxd4 8. Nxd4 e5 9. Ndb5 Be6 10. Qf3 Nc6 11. Rd1 Qa5 12. Bxf6 gxf6 13. Qxf6 Rg8 14. Nd6+ Bxd6 15. Rxd6 Qb4 16. Rxe6+ fxe6 17. Qxe6+ Ne7 18.
Be2 Rxg2 19. Bh5+ Kd8 20. Ke2 Qxb2+ 21. Kf3 Qxf2+ 22. Ke4 Qc2+ 23. Kf3 Rf2+ 24. Kg3 Nc6 25. Rd1+ Kc7 26. Rd7+ Kb6 27. Nd5+ Ka5 28. Rxb7 Rg2+ 29.
Kf3 Qf2+ 30. Ke4 Qc2+ 31. Kf3 Rf8+ 32. Bf7 Qf2+ 33. Ke4 Qc2+ 34. Kf3 e4+ 35. Kf4 Qf2+ 36. Kxe4 Qc2+ 37. Kf3 Rf2+ 38. Kg3 Rg2+ 39. Kf3 Qe2+ 40. Ke4 Qg4+ 41. Nf4 Qxe6+ 42. Nxe6 Rxf7 43. Kd5 Rxb7 44. Nc5 Nb4+ 45. Kxc4 Rb6 46. Nb3+ Kxa4 47. Nc5+ Ka3 48.
Kc3 Rc2+ 49. Kd4 Rxc5 50. Kxc5 Na6+ 51. Kd4 Rh6 0-1

[Event "Early-Titled-Tuesday-Blitz-May-28-2024"]
[Site "Chess.com"]
[Date "2024.05.28"]
[Round "1"]
[White "chessdjw"]
[Black "DeyanKostov"]
[Result "1-0"]
[WhiteElo "2806"]
[BlackElo "2455"]
[TimeControl "180+1"]
[EndTime "8:08:00 PDT"]
[Termination "chessdjw won by resignation"]

1. e4 c5 2. Nf3 e6 3. d4 cxd4 4. Nxd4 Nc6 5. Nc3 Qc7 6. Ncb5 Qb8 7. Bd3 a6 8. Nxc6 bxc6 9. Nd4 c5 10. Nf3 Bd6 11. b3 Ne7 12. Bb2 f6 13. e5 fxe5 14. Nxe5 O-O 15. Qh5 Nf5 16. f4 Bxe5 17. Bxe5 d6 18.
Bc3 Bd7 19. g4 g6 20. Qg5 Nd4 21. O-O Qd8 22. Qxd8 Rfxd8 23. Kg2 Bc6+ 24. Kg3 Rf8 25. Rae1 e5 26. fxe5 Rxf1 27. Rxf1 dxe5 28. Bc4+ Kh8 29.
Rf7 Rd8 30. Bxa6 Ra8 31. Bc4 Rxa2 32. Bd2 Rxc2 33. Rf8+ Kg7 34. Rf7+ Kh8 35. Bh6 Rc3+ 36. Kf2 Rf3+ 37. Rxf3 Nxf3 38. Bf8 Nxh2 39. Kg3 Nf3 40.
Bxc5 Kg7 41. b4 Nd4 42. g5 h6 43.
Bd6 e4 44. Be5+ Kh7 45. Bxd4 hxg5 46. b5 Bb7 47. b6 Kh6 48. Be6 g4 49. Kxg4 g5 50. Bf5 Bc6 51. Be3 1-0

[Event "Early-Titled-Tuesday-Blitz-May-28-2024"]
[Site "Chess.com"]
[Date "2024.05.28"]
[Round "1"]
[White "David_George21"]
[Black "KnightDuta"]
[Result "0-1"]
[WhiteElo "2409"]
[BlackElo "2729"]
[TimeControl "180+1"]
[EndTime "8:08:01 PDT"]
[Termination "KnightDuta won by resignation"]

1. e4 e6 2. d4 d5 3. Nd2 Nf6 4.
e5 Nfd7 5. Bd3 c5 6. c3 Nc6 7. Ne2 cxd4 8. cxd4 f6 9. exf6 Nxf6 10. O-O Bd6 11.
Nf3 Qc7 12. h3 O-O 13. Bg5 Bd7 14. Rc1 Be8 15. a3 Ne4 16. Bxe4 dxe4 17. Ne5 Bxe5 18.
dxe5 Qxe5 19. Be3 Bh5 20. Rc5 Bxe2 21. Qxe2 Qf6 22. Rd1 Rad8 23. Rxd8 Qxd8 24. Qg4 Qf6 25. Qxe4 Qxb2 26. Qxe6+ Kh8 27. Qd6 Qa1+ 28. Kh2 Qf6 29. Qc7 Qf7 30. Qxf7 Rxf7 31. Rd5 h6 32. a4 Kh7 33. a5 Kg6 34. Rc5 Rf5 35. g4 Rxc5 36. Bxc5 Nxa5 37. Bxa7 b5 38. Bc5 Nc6 39. Ba3 b4 40.
Bb2 Na5 41. f4 Nc4 42. f5+ Kf7 43. Bd4 b3 44. Kg3 b2 45. Bxb2 Nxb2 46. Kf4 Nd3+ 47. Kf3 Kf6 48. h4 Ke5 49. Ke3 Nc5 50. Kf3 Ne4 51. Ke3 Nf6 52. Kf3 Nd5 53. Kg3 Ke4 54. Kg2 Kf4 55. Kh3 Nf6 56. g5 hxg5 57. hxg5 Kxg5 58.
Kg3 Kxf5 59. Kf3 g5 60. Kg3 Nh5+ 61. Kf3 g4+ 62. Kg2 Kf4 63. Kf2 g3+ 64. Kg2 Kg4 65.
Kg1 Kh3 66. Kf1 Kh2 0-1

[Event "Early-Titled-Tuesday-Blitz-May-28-2024"]
[Site "Chess.com"]
[Date "2024.05.28"]
[Round "1"]
[White "CaspiIsrael"]
[Black "wild3000"]
[Result "1-0"]
[WhiteElo "2652"]
[BlackElo "2349"]
[TimeControl "180+1"]
[EndTime "8:08:01 PDT"]
[Termination "CaspiIsrael won on time"]

1. e4 e6 2. d4 d5 3. Nd2 dxe4 4.
Nxe4 Nd7 5. Nf3 Ngf6 6. Bd3 Be7 7.
c3 Nxe4 8. Bxe4 Nf6 9. Bc2 c5 10. O-O cxd4 11. Nxd4 O-O 12. Re1 Bd7 13. Qf3 Qc8 14.
Nf5 exf5 15. Rxe7 Re8 16. Rxe8+ Qxe8 17. Bf4 Bc6 18. Qh3 Be4 19. Re1 Qc6 20. Bb3 a5 21.
f3 Bd5 22. Qxf5 Bxb3 23. axb3 Qb6+ 24. Kh1 Qxb3 25. Bg5 Qxb2 26. Bxf6 gxf6 27. Qxf6 Qc2 28.
h4 Qg6 29. Qd4 a4 30. c4 a3 31. Ra1 a2 32. Kh2 Qf5 33. c5 h6 34. Kg3 Kh7 35.
Kh2 Kg6 36. Qb2 Qxc5 37. Rxa2 Rxa2 38. Qxa2 b5 39. Qb1+ Kg7 40. Qb2+ Kg8 41. Qf6 h5 42.
g4 hxg4 43. fxg4 b4 44. h5 Qc3 45. Qd8+ Kg7 46. Qg5+ Kf8 47. h6 Ke8 48. h7 Kd7 49.
Qd5+ Ke7 50. Qb7+ Kf6 51. h8=Q+ 1-0

[Event "Early-Titled-Tuesday-Blitz-May-28-2024"]
[Site "Chess.com"]
[Date "2024.05.28"]
[Round "1"]
[White "biostatistician"]
[Black "Pragmatist237"]
[Result "1-0"]
[WhiteElo "2592"]
[BlackElo "2211"]
[TimeControl "180+1"]
[EndTime "8:08:01 PDT"]
[Termination "biostatistician won by resignation"]

1. d4 Nf6 2. Nf3 b6 3. c4 Bb7 4. Nc3 e6 5. Bg5 Bb4 6. Nd2 h6 7. Bh4 Bxc3 8. bxc3 d6 9. f3 Nbd7 10. e4 e5 11. Bd3 g5 12. Bf2 Nf8 13. Nf1 Ng6 14. Ne3 Bc8 15. O-O Nf4 16. Re1 Be6 17. Bf1 h5 18. a4 a5 19. c5 bxc5 20. Bb5+ Bd7 21. dxe5 dxe5 22. Nf5 Bxb5 23. axb5 Nd3 24.
Rf1 Nxf2 25. Kxf2 Qxd1 26. Rfxd1 O-O 27. Ra4 Rfb8 28. c4 Rd8 29. Rxd8+ Rxd8 30. Ke2 Ra8 31. Ne7+ Kf8 32. Nc6 Nd7 33. Rxa5 Rxa5 34. Nxa5 Nb6 35. Kd3 Ke7 36. Nb3 Kd6 37. Na5 Na4 38. Nb7+ Kd7 39. Kc2 Kc8 40. Na5 Nb6 41. Kd3 Kd7 42. Nc6 f6 43. Na5 Na4 44. Kc2 Kd6 45. Kb3 Nb6 46.
Nb7+ Kd7 47. Nxc5+ Kd6 48. Nd3 Nd7 49. Kb4 c6 50.
c5+ Kc7 51. bxc6 Kxc6 52. Kc4 Kc7 53. Nb4 Nb8 54. Kd5 Kd7 55. g3 h4 56. gxh4 gxh4 57.
h3 Ke7 58. Nc6+ Nxc6 59. Kxc6 1-0

[Event "Early-Titled-Tuesday-Blitz-May-28-2024"]
[Site "Chess.com"]
[Date "2024.05.28"]
[Round "1"]
[White "VirtualCoach"]
[Black "MalyDominator"]
[Result "0-1"]
[WhiteElo "2187"]
[BlackElo "2586"]
[TimeControl "180+1"]
[EndTime "8:08:01 PDT"]
[Termination "MalyDominator won on time"]

1. e4 c6 2. d4 d5 3. e5 c5 4. Nf3 cxd4 5. Nxd4 Nc6 6. Nxc6 bxc6 7. c3 e6 8. Be2 Ne7 9. Bf4 Ng6 10. Bg3 Bc5 11. O-O O-O 12. Nd2 a5 13. Nf3 Rb8 14. Qc2 Qb6 15. b3 Ba6 16. Rab1 Bxe2 17. Qxe2 Qb5 18. Qc2 Rfc8 19. b4 Be7 20. a4 Qa6 21. bxa5 Qxa5 22. Nd4 Rxb1 23. Rxb1 c5 24. Nb5 c4 25. h3 Ra8 26. Ra1 Rb8 27. Nd4 Rb6 28.
Kh2 h5 29. f3 h4 30. Bf2 Nxe5 31. Nf5 exf5 32. Bxb6 Qxb6 33. Qxf5 Bd6 34. Kh1 g6 35.
Qc8+ Kg7 36. a5 Qb2 37. Rf1 Nd3 38. Qd7 Nf2+ 39. Kg1 Nxh3+ 40. Kh1 Qe2 41. Rb1 Nf2+ 42. Kg1 Bc5 43. Qxd5 Nd3+ 44. Kh1 Nf4 45. Qg5 h3 46.
Rg1 Bxg1 0-1

[Event "Early-Titled-Tuesday-Blitz-May-28-2024"]
[Site "Chess.com"]
[Date "2024.05.28"]
[Round "1"]
[White "Yaacovn"]
[Black "Balla_Tamas"]
[Result "1-0"]
[WhiteElo "2855"]
[BlackElo "2477"]
[TimeControl "180+1"]
[EndTime "8:08:02 PDT"]
[Termination "Yaacovn won by resignation"]

1. d4 d5 2. e3 Nf6 3. Bd3 Bg4 4.
Ne2 e6 5. f3 Bh5 6. Nf4 Bg6 7.
Nxg6 hxg6 8. Nd2 c5 9. c3 Nc6 10. f4 c4 11. Bc2 b5 12. O-O a5 13. e4 dxe4 14. Nxe4 Be7 15. Qf3 Nd5 16. h3 b4 17.
Ba4 Rc8 18. Bd2 O-O 19. Rae1 Qb6 20. Kh1 bxc3 21. bxc3 Qb2 22. Rb1 Qa3 23. Bb5 Qxa2 24. Ra1 Qb3 25. Rfb1 Qc2 26. Rc1 Qd3 27. Qxd3 cxd3 28.
Bxd3 Rb8 29. Ra2 Rfc8 30. g3 Rb3 31. Bc2 Rbb8 32. Kg2 Rc7 33. Ba4 Rbc8 34. Rb1 Bf8 35. h4 Be7 36. Kf3 Nf6 37. Bxc6 Rxc6 38. Rxa5 Nd5 39.
Rba1 f5 40. Nc5 Bxc5 41. dxc5 Rxc5 42. Rxc5 Rxc5 43. Ra3 Nb6 44. Be3 Rc6 45. Ra6 Rxc3 46. Rxb6 Kf7 47. Rb7+ Kf8 48. Ke2 Rc2+ 49. Bd2 Ra2 50.
Kd3 Ra3+ 51. Bc3 Ra2 52. Rxg7 Rg2 53. Rxg6 1-0

[Event "Early-Titled-Tuesday-Blitz-May-28-2024"]
[Site "Chess.com"]
[Date "2024.05.28"]
[Round "1"]
[White "RianKapriaga"]
[Black "Let_it_be_1"]
[Result "0-1"]
[WhiteElo "2294"]
[BlackElo "2612"]
[TimeControl "180+1"]
[EndTime "8:08:02 PDT"]
[Termination "Let_it_be_1 won on time"]

1. d4 d5 2. Bf4 e6 3. e3 Bd6 4. Bg3 Nf6 5. Nf3 b6 6. Nbd2 Bb7 7.
Bd3 c5 8. c3 Nc6 9. Qe2 O-O 10.
Rd1 Qc7 11. e4 dxe4 12. Nxe4 Nxe4 13. Qxe4 g6 14. Qh4 cxd4 15. cxd4 Rad8 16. O-O Bxg3 17.
hxg3 Kg7 18. Rfe1 Rd7 19. Rxe6 Qd8 20. Re4 Qxh4 21. gxh4 Rfd8 22. Bb5 Rd6 23. Ng5 h6 24. Nf3 a6 25. Bc4 Na5 26. Bd3 Bxe4 27. Bxe4 Nc6 28.
d5 Ne7 29. Ne5 Nxd5 30. Nc4 R6d7 31. Ne5 Rd6 32. Nc4 Rc6 33. Bxd5 Rxc4 34. Bxc4 Rxd1+ 35. Kh2 Rd2 36. Bxa6 Rxf2 37. Bd3 Rxb2 38. Bc4 Rb4 39. Bb3 Rxh4+ 40. Kg3 Rd4 41. Kf3 Rd2 42. Ke3 Rxg2 43. Kf3 Rg5 44. Kf4 Kf6 45. Bc4 Rf5+ 46. Kg4 h5+ 47.
Kh4 Rf4+ 48. Kg3 Rxc4 0-1

[Event "Early-Titled-Tuesday-Blitz-May-28-2024"]
[Site "Chess.com"]
[Date "2024.05.28"]
[Round "1"]
[White "tomesao"]
[Black "alexrustemov"]
[Result "0-1"]
[WhiteElo "2472"]
[BlackElo "2832"]
[TimeControl "180+1"]
[EndTime "8:08:04 PDT"]
[Termination "alexrustemov won by checkmate"]

1. Nf3 d5 2. c4 d4 3. b4 c5 4. Bb2 Nc6 5. b5 Nb8 6. e3 dxe3 7. fxe3 Nf6 8. Nc3 g6 9. Be2 Bg7 10. O-O O-O 11. d4 Nbd7 12. Qd3 b6 13. d5 Ng4 14. e4 Nde5 15. Nxe5 Nxe5 16. Qc2 Bd7 17. a4 a5 18. bxa6 Rxa6 19. Nb5 Qb8 20. h3 h5 21. Bc3 Bxb5 22. axb5 Rxa1 23. Rxa1 Nd7 24. Bxg7 Kxg7 25. Qc3+ f6 26. Ra3 Qc7 27. Qa1 Rb8 28. Ra7 Rb7 29. Ra8 Qf4 30. Qc3 Ne5 31. Ra3 h4 32. Ra1 e6 33. dxe6 Re7 34. Rf1 Qxe4 35.
Bf3 Qd4+ 36. Qxd4 cxd4 37. Bd5 f5 38. c5 bxc5 39. b6 Re8 40. b7 d3 41. Rc1 Rb8 42. Kf2 c4 43. Bxc4 Nxc4 44. Rxc4 Rxb7 45. Rd4 Rb2+ 46.
Kf3 d2 47. Ke2 d1=Q+ 48. Kxd1 Rxg2 49. Rxh4 Kf6 50. Rh6 Kxe6 51. Ke1 Kf6 52. Rh8 g5 53. Kf1 Ra2 54. Kg1 Ke5 55. Rh6 Kf4 56. Rb6 Ra3 57.
Kg2 Ra2+ 58. Kg1 Re2 59. Rb3 Re3 60. Rb4+ Kg3 61. Rb5 Re1# 0-1

[Event "Early-Titled-Tuesday-Blitz-May-28-2024"]
[Site "Chess.com"]
[Date "2024.05.28"]
[Round "1"]
[White "baki83"]
[Black "zubridis"]
[Result "0-1"]
[WhiteElo "2909"]
[BlackElo "2530"]
[TimeControl "180+1"]
[EndTime "8:08:05 PDT"]
[Termination "zubridis won by checkmate"]

1. e4 c5 2. Nf3 d6 3. Bb5+ Nd7 4. O-O Nf6 5. Re1 a6 6. Bf1 b6 7. c4 Bb7 8. Nc3 Rc8 9. d4 cxd4 10. Qxd4 e6 11. b3 Qc7 12. Bb2 Be7 13. Rad1 O-O 14. h3 Rfd8 15. Qe3 Qb8 16. Nd4 Qa8 17. f3 Re8 18.
Qf2 Bd8 19. Nc2 Bc7 20. Ne3 Qb8 21. Qd2 Ne5 22. Re2 Rcd8 23. Qe1 Ng6 24. Red2 Bc6 25. Ne2 b5 26. Nd4 Bd7 27. Kh1 bxc4 28. Bxc4 d5 29.
Bxa6 dxe4 30. Nc4 Bf4 31. Re2 Qa8 32. Qa5 exf3 33. Nxf3 Bc6 34. Rxd8 Rxd8 35. Nd4 e5 36. Nxc6 Rd1+ 37. Re1 Rxe1+ 38. Qxe1 Qxc6 39. Qa5 Qd7 40. Qb6 Ne4 41. Qb8+ Nf8 42. Ne3 Bxe3 43. Ba3 Qd1+ 44. Kh2 Bg1+ 45. Kh1 Bf2+ 46. Bf1 Qxf1+ 47. Kh2 Bg3# 0-1

[Event "Early-Titled-Tuesday-Blitz-May-28-2024"]
[Site "Chess.com"]
[Date "2024.05.28"]
[Round "1"]
[White "Susal_De_Silva"]
[Black "zozik"]
[Result "0-1"]
[WhiteElo "2618"]
[BlackElo "2345"]
[TimeControl "180+1"]
[EndTime "8:08:06 PDT"]
[Termination "zozik won by resignation"]

1. Nf3 d5 2. e3 Nf6 3. c4 c5 4. cxd5 Nxd5 5. Nc3 g6 6. Bb5+ Nc6 7. Ne5 Nxc3 8. Nxc6 Nxd1 9. Ne5+ Bd7 10. Bxd7+ Qxd7 11. Nxd7 Kxd7 12. Kxd1 Bg7 13. Kc2 Kc6 14. d3 Rad8 15.
Rd1 Rd7 16. Rb1 Rhd8 17. b3 b5 18. Rd2 b4 19. Bb2 Bxb2 20. Rxb2 a5 21. Rb1 Kb5 22. Rbd1 e5 23. Kb2 a4 24. bxa4+ Kxa4 25. a3 bxa3+ 26. Kc3 Rb7 27. Ra1 Rdb8 28. Rda2 Rb3+ 29. Kc4 R8b4+ 30.
Kxc5 Rxd3 31. e4 Rxe4 32. Rb1 Rb3 33. Rd1 Rb2 34. Raa1 Rd4 35. Re1 f6 36. Re3 a2 37.
Rc3 Rdd2 38. Rc4+ Ka3 39. Rac1 Rdc2 40. R1xc2 Rxc2 41. Rxc2 a1=Q 42. Rc4 Qg1 43. Kb6 Qxf2+ 44. Kb7 Qxg2+ 45. Kb8 Qb2+ 46. Kc8 Qxh2 47. Rc7 Kb4 48. Kb7 Qb2 49. Ka8 Qa3+ 50. Kb8 Qb3 51. Ka8 Qa4+ 52.
Kb8 Qb5+ 53. Ka8 Qa5+ 54. Kb8 Qxc7+ 55. Ka8 Qd7 0-1